 Dungeon Crawl Stone Soup version 0.29.0-5-ge4962eb29e (webtiles) character file.

Game seed: 2549914882196302022

208 Arctor the Grave Robber (level 5, -2/30 HPs)
             Began as a Vampire Necromancer on Aug 29, 2022.
             Slain by a gnoll
             ... wielding a +0 flail
              (9 damage)
             ... on level 4 of the Dungeon.
             The game lasted 00:03:58 (2345 turns).

Arctor the Grave Robber (Vampire Necromancer)       Turns: 2345, Time: 00:03:59

Health: -2/30      AC:  4    Str:  7    XL:     5   Next: 55%
Magic:  0/9        EV: 13    Int: 19    God:
Gold:   157        SH:  0    Dex: 15    Spells: 5/9 levels left

rFire   . . .      SeeInvis +   h - +0 dagger
rCold   + + .      Faith    .   (no shield)
rNeg    + + +      Spirit   .   a - +0 robe
rPois   ∞          Reflect  .   (no helmet)
rElec   .          Harm     .   (no cloak)
rCorr   .          Rampage  .   l - +0 pair of gloves
Will    +....                   k - +0 pair of boots
Stlth   +++++.....              (no amulet)
HPRegen 0.00/turn               i - ring of willpower
MPRegen 0.11/turn               (no ring)

@: bloodless, inhibited regen
A: bloodless, fangs 3, see invisible, vampiric 2
a: Bat Form, Revivify


You were on level 4 of the Dungeon.
You visited 1 branch of the dungeon, and saw 4 of its levels.

You collected 157 gold pieces.

Inventory:

Hand Weapons
 h - a +0 dagger (weapon)
Armour
 a - a +0 robe (worn)
 k - a +0 pair of boots (worn)
 l - a +0 pair of gloves (worn)
Jewellery
 i - a ring of willpower (left hand)
 o - a ring of willpower
Scrolls
 c - a scroll of poison
 d - 3 scrolls of blinking
 e - 4 scrolls of identify
 g - a scroll of torment
 m - a scroll of butterflies {unknown}
 n - 2 scrolls of enchant weapon {unknown}
 t - a scroll of magic mapping {unknown}
Potions
 b - 2 potions of magic
 f - a potion of curing
 j - a potion of haste
 p - a potion of resistance {unknown}
 q - a potion of might {unknown}
 r - 2 potions of degeneration {unknown}
 s - a potion of heal wounds {unknown}


   Skills:
 + Level 1.9 Fighting
 + Level 1.3 Short Blades
 + Level 3.3 Dodging
 + Level 4.6 Stealth
 + Level 2.9 Spellcasting
 + Level 5.1 Necromancy


You had 5 spell levels left.
You knew the following spells:

 Your Spells              Type           Power      Damage    Failure   Level
a - Necrotise             Necr           88%        1d8       1%          1
b - Vampiric Draining     Necr           22%        2d7       5%          3

Your spell library contained the following spells:

 Spells                   Type           Power      Damage    Failure   Level
 Animate Dead             Necr           22%        N/A       19%         4
 Agony                    Necr           22%        N/A       45%         5


Dungeon Overview and Level Annotations

Branches:
Dungeon (4/15)
 Temple: D:4-7

Altars:

Annotations:
D:4 Pikel


Innate Abilities, Weirdness & Mutations

You do not regenerate when monsters are visible.
You are frail without blood (-20% HP).
You can heal yourself when you bite living creatures.
You are immune to poison.
You have razor-sharp teeth.
You have supernaturally acute eyesight. (SInv)
You are afflicted with vampirism and can become a bat while bloodless.


Message History

Unknown command.
Casting: Vampiric Draining (dangerous; 5% risk of failure)
Confirm with . or Enter, or press ? or * to list all spells.
Aiming: Necrotise (safe; 1% risk of failure)
Press: ? - help, Shift-Dir - straight line, f/p - gnoll
Aim: a gnoll, wielding a +0 flail (almost dead, chance to affect: 86%)
The gnoll writhes in agony.
You kill the gnoll!
The dead are walking!
Casting: Necrotise (safe; 1% risk of failure)
Confirm with . or Enter, or press ? or * to list all spells.
Aiming: Necrotise (safe; 1% risk of failure)
Press: ? - help, Shift-Dir - straight line, f - gnoll
Aim: a gnoll, wielding a +0 flail (ally target, chance to affect: 86%)
The gnoll barely resists.
The gnoll hits you with a +0 flail!
Casting: Necrotise (safe; 1% risk of failure)
Confirm with . or Enter, or press ? or * to list all spells.
You don't have enough magic to cast this spell.
Casting: Necrotise (safe; 1% risk of failure)
Confirm with . or Enter, or press ? or * to list all spells.
You don't have enough magic to cast this spell.
Casting: Necrotise (safe; 1% risk of failure)
Confirm with . or Enter, or press ? or * to list all spells.
You don't have enough magic to cast this spell.
You see here a jackal corpse.
The gnoll attacks as you move away! The gnoll hits you with a +0 flail.
Casting: Necrotise (safe; 1% risk of failure)
Confirm with . or Enter, or press ? or * to list all spells.
You don't have enough magic to cast this spell.
The gnoll attacks as you move away! The gnoll hits you with a +0 flail.
The gnoll attacks as you move away! The gnoll hits you with a +0 flail!
* * * LOW HITPOINT WARNING * * *
Casting: Necrotise (safe; 1% risk of failure)
Confirm with . or Enter, or press ? or * to list all spells.
Aiming: Vampiric Draining (dangerous; 5% risk of failure)
Press: ? - help, Shift-Dir - straight line, f/p - gnoll
Aim: a gnoll, wielding a +0 flail (ally target)
You draw life force from the gnoll!
You feel life coursing into your body. The gnoll hits you with a +0 flail!
You die...

..........# #.
###........######## ##.
##...........)..... #.#..
#................# ##....
#....<.........##.........
##....##<......#..........
#....##........(.........
###..##....).##.....#..#.
#.....@.)...#....##..##
#.......g##..#........#.
##.........##...#......>
##.............#..Z....
#..........#..Z.......
##.........#..........
###.##..#..Z###.#.... ##
#.##...# ###.... ########
##...


You could see a gnoll (ally target) and a friendly gnoll skeleton.

Vanquished Creatures
  A black bear (D:4)
  2 adders
  3 gnolls
  2 worms (D:2)
  2 dart slugs
  7 orcs
  3 endoplasms
  2 giant cockroaches (D:2)
  4 hobgoblins
  2 jackals (D:4)
  4 quokkas
  4 ball pythons
  8 frilled lizards
  2 goblins (D:2)
  4 kobolds
  4 rats
54 creatures vanquished.

Vanquished Creatures (collateral kills)
  A hobgoblin (D:1)
  A kobold (D:1)
2 creatures vanquished.

Vanquished Creatures (others)
  5 toadstools (D:1)
5 creatures vanquished.

Grand Total: 61 creatures vanquished

Notes
Turn   | Place    | Note
-------+----------+-------------------------------------------
     0 | D:1      | Arctor the Vampire Necromancer began the quest for the Orb.
     0 | D:1      | Reached XP level 1. HP: 13/13 MP: 3/3
   257 | D:1      | Reached XP level 2. HP: 6/20 MP: 1/5
   895 | D:1      | Found a faded altar of an unknown god.
   984 | D:2      | Gained mutation: You are afflicted with vampirism and can
                  | become a bat while bloodless. [Vampire growth]
   984 | D:2      | Reached XP level 3. HP: 18/20 MP: 2/6
  1033 | D:2      | Learned a level 3 spell: Vampiric Draining
  1056 | D:2      | Reached skill level 1 in Fighting
  1718 | D:3      | Reached XP level 4. HP: 15/25 MP: 2/7
  2143 | D:4      | Noticed a black bear
  2145 | D:4      | Noticed a lemure
  2146 | D:4      | Noticed Pikel
  2153 | D:4      | Killed a black bear
  2154 | D:4      | Reached skill level 1 in Short Blades
  2154 | D:4      | Reached skill level 5 in Necromancy
  2154 | D:4      | Reached XP level 5. HP: 30/30 MP: 1/9
  2155 | D:4      | Noticed a lemure
  2156 | D:4      | Noticed a lemure
  2166 | D:4      | Noticed a lemure
  2344 | D:4      | HP: 1/30 [gnoll/+0 flail (9)]
  2345 | D:4      | Slain by a gnoll

Illustrated notes

Levels and vault maps discovered:
D:1:      ldierk_walled_garden, layout_loops_ring,
          dreamdust_ecumenical_altar_sealed_demon
D:2:      layout_rooms
D:3:      layout_rooms
D:4:      layout_cave_pools, slow_altar_2, uniq_pikel

Skill      XL: |  1  2  3  4 |
---------------+-------------+-----
Fighting       | 1 |  1.9
Stealth        | 4 |  4.6
Short Blades   | 1 |  1.3
Dodging        | 3 |  3.3
Necromancy     | 5 |  5.1
Spellcasting   | |  2.9

Action                   |  1- 3 |  4- 6 || total
-------------------------+-------+-------++-------
Melee: Unarmed           |     9 |       ||     9
       Bite              |     4 |     2 ||     6
       Dagger            |    71 |    21 ||    92
 Cast: Necrotise         |    44 |     9 ||    53
       Vampiric Draining |       |     5 ||     5
 Abil: Exsanguinate      |     1 |       ||     1
  Use: Scroll            |     5 |       ||     5
 Stab: Sleeping          |    10 |     7 ||    17
       Distracted        |     1 |       ||     1
Armor: Robe              |    23 |     5 ||    28
Dodge: Dodged            |    61 |    21 ||    82
